 Dungeon Crawl Stone Soup version 0.22.1 (webtiles) character file.

224 whitewolfNL the Covert (level 6, 0/50 HPs)
             Began as a Gnoll Assassin on Sept 19, 2018.
             Killed by nerve-wracking pain
             ... invoked by Grinder
              (13 damage)
             ... on level 3 of the Dungeon.
             The game lasted 00:36:44 (3655 turns).

whitewolfNL the Covert (Gnoll Assassin)             Turns: 3655, Time: 00:36:45

Health: 0/50       AC: 10    Str: 14    XL:     6   Next: 0%
Magic:  8/8        EV: 12    Int: 13    God:
Gold:   168        SH:  0    Dex: 18    Spells: 8/8 levels left

rFire    + . .     SeeInvis .   o - -1 whip (curse)
rCold    x . .     Gourm    .   (no shield)
rNeg     . . .     Faith    .   z - +0 ring mail
rPois    .         Spirit   .   (no helmet)
rElec    .         Reflect  .   l - +2 cloak
rCorr    .         Harm     .   n - +0 pair of gloves
MR       .....                  Q - +0 pair of boots
Stlth    ++++......             (no amulet)
HPRegen  0.16/turn              u - ring of stealth
MPRegen  0.11/turn              A - ring of fire

@: no status effects
A: distributed training, fangs 1, strong nose
a: no special abilities


You were on level 3 of the Dungeon.
You were not hungry.

You visited 1 branch of the dungeon, and saw 3 of its levels.

You collected 168 gold pieces.

Inventory:

Hand Weapons
 b - a +0 blowgun
 d - a +2 dagger
 o - a cursed -1 whip (weapon)
 x - a +0 dagger of speed
 y - a +0 flail
 C - a +0 trident
 E - a +0 club
 G - a +0 club
 H - a +0 short sword
 I - a +0 club
 J - a +0 dagger
 K - a +0 dagger
 M - a +0 short sword
 N - a +0 club
 P - a +0 hunting sling
 R - a +0 dagger of protection
 T - a +0 club
Missiles
 e - 17 poisoned needles
 f - 2 curare-tipped needles
 h - 76 bolts
 k - 44 arrows
 m - 45 sling bullets
 q - 70 stones (quivered)
 B - 6 large rocks
Armour
 l - a +2 cloak (worn)
 n - a +0 pair of gloves (worn)
 z - a +0 ring mail (worn)
 Q - a +0 pair of boots (worn)
 S - a +0 robe
Jewellery
 u - a ring of stealth (left hand)
 A - a ring of fire (right hand)
Scrolls
 c - a scroll of teleportation
 j - 2 scrolls of identify
 v - 2 scrolls of magic mapping
 w - a scroll of immolation
Potions
 a - a potion of agility {unknown}
 i - 2 potions of degeneration
 p - a potion of heal wounds {unknown}
 r - a potion of flight {unknown}
 t - a potion of curing
 D - a potion of lignification {unknown}
 F - a potion of brilliance {unknown}
 L - a potion of ambrosia {unknown}
 O - 2 potions of cancellation
Comestibles
 g - 3 rations
 s - a chunk of flesh


   Skills:
 + Level 4.8 Fighting
 + Level 4.8 Short Blades
 + Level 1.6 Long Blades
 + Level 1.6 Axes
 + Level 1.6 Maces & Flails
 + Level 1.6 Polearms
 + Level 1.6 Staves
 + Level 1.6 Slings
 + Level 1.6 Bows
 + Level 1.6 Crossbows
 + Level 4.8 Throwing
 + Level 1.6 Armour
 + Level 3.1 Dodging
 + Level 8.0 Stealth
 + Level 1.6 Shields
 + Level 1.6 Unarmed Combat
 + Level 1.6 Spellcasting
 + Level 1.3 Conjurations
 + Level 1.3 Hexes
 + Level 1.3 Charms
 + Level 1.3 Summonings
 + Level 1.3 Necromancy
 + Level 1.3 Translocations
 + Level 1.3 Transmutations
 + Level 1.3 Fire Magic
 + Level 1.3 Ice Magic
 + Level 1.3 Air Magic
 + Level 1.3 Earth Magic
 + Level 1.3 Poison Magic
 + Level 1.9 Invocations
 + Level 1.6 Evocations


You had 8 spell levels left.
You didn't know any spells.
Your spell library was empty.

Dungeon Overview and Level Annotations

Branches:
Dungeon (3/15)

Altars:
Ru

Annotations:
D:3 3 runed doors, Anon1729's ghost, amateur NaGl; Grinder


Innate Abilities, Weirdness & Mutations

Your experience applies equally to all skills.
You have very sharp teeth.
Your uncanny sense of smell can sniff out nearby items.


Message History

Press: ? - help, Shift-Dir - straight line, f/p - Grinder
Aim: Grinder (heavily wounded)
You throw a stone. The stone hits Grinder.
Grinder is heavily wounded.
Throwing (i - inventory)
q - 72 stones (quivered)
Press: ? - help, Shift-Dir - straight line, f/p - Grinder
Aim: Grinder (heavily wounded)
You throw a stone. The stone barely misses Grinder.
Throwing (i - inventory)
q - 71 stones (quivered)
Press: ? - help, Shift-Dir - straight line, f/p - Grinder
Aim: Grinder (heavily wounded)
You throw a stone.
The stone hits Grinder but does no damage.
Grinder is heavily wounded.
Grinder gestures at you. Pain shoots through your body!
* * * LOW HITPOINT WARNING * * *
Grinder gestures at you. Pain shoots through your body!
You die...

###.##############
................>#
#.#.############.#
#.#.######### #.#
............# #.#
........o.#.# #.#
###.#.###.#.# #.#
###.#.###.#.# #.#
............# #@#
###.#.###...# #.# ..###.#
#...# #5# #.# #.# #...#
#.# #.# #.# #...# #(# ##
#.###.###.#.####(##.######
.................(..((.(..
#.###.###.#<.###.##.......
..........................


You could see Grinder.

Vanquished Creatures
  3 orc wizards
  5 adders
  4 gnolls (D:2)
  An ooze (D:1)
  3 worms
  3 dart slugs
  3 leopard geckos
  2 orcs
  4 bats
  4 giant cockroaches
  8 goblins
  4 hobgoblins
  6 kobolds
  3 frilled lizards
  8 rats
61 creatures vanquished.

Notes
Turn   | Place    | Note
-------+----------+-------------------------------------------
     0 | D:1      | whitewolfNL the Gnoll Assassin began the quest for the Orb.
     0 | D:1      | Reached XP level 1. HP: 20/20 MP: 1/1
   344 | D:1      | Reached XP level 2. HP: 20/26 MP: 2/2
   569 | D:1      | Reached XP level 3. HP: 13/31 MP: 3/3
   832 | D:2      | Found a sacrificial altar of Ru.
   860 | D:2      | Reached skill level 1 in Long Blades
   860 | D:2      | Reached skill level 1 in Axes
   860 | D:2      | Reached skill level 1 in Maces & Flails
   860 | D:2      | Reached skill level 1 in Polearms
   860 | D:2      | Reached skill level 1 in Staves
   860 | D:2      | Reached skill level 1 in Slings
   860 | D:2      | Reached skill level 1 in Bows
   860 | D:2      | Reached skill level 1 in Crossbows
   860 | D:2      | Reached skill level 1 in Armour
   860 | D:2      | Reached skill level 1 in Shields
   860 | D:2      | Reached skill level 1 in Unarmed Combat
   860 | D:2      | Reached skill level 1 in Spellcasting
   860 | D:2      | Reached skill level 1 in Invocations
   860 | D:2      | Reached skill level 1 in Evocations
   861 | D:2      | Reached XP level 4. HP: 29/38 MP: 3/5
  1091 | D:2      | Reached skill level 1 in Conjurations
  1091 | D:2      | Reached skill level 1 in Hexes
  1091 | D:2      | Reached skill level 1 in Charms
  1091 | D:2      | Reached skill level 1 in Summonings
  1091 | D:2      | Reached skill level 1 in Necromancy
  1091 | D:2      | Reached skill level 1 in Translocations
  1091 | D:2      | Reached skill level 1 in Transmutations
  1091 | D:2      | Reached skill level 1 in Fire Magic
  1091 | D:2      | Reached skill level 1 in Ice Magic
  1091 | D:2      | Reached skill level 1 in Air Magic
  1091 | D:2      | Reached skill level 1 in Earth Magic
  1091 | D:2      | Reached skill level 1 in Poison Magic
  1155 | D:2      | Reached XP level 5. HP: 43/43 MP: 6/6
  2264 | D:3      | Found a runed gate.
  2265 | D:3      | Found a runed gate.
  2268 | D:3      | Found a runed gate.
  2271 | D:3      | Noticed Anon1729's ghost (amateur NaGl)
  3522 | D:3      | Reached skill level 8 in Stealth
  3524 | D:3      | Reached XP level 6. HP: 41/50 MP: 8/8
  3601 | D:3      | Noticed Grinder
  3655 | D:3      | Killed from afar by Grinder

Skill      XL: |  1  2  3  4  5 |
---------------+----------------+-----
Long Blades    | 1 |  1.6
Axes           | 1 |  1.6
Maces & Flails | 1 |  1.6
Polearms       | 1 |  1.6
Staves         | 1 |  1.6
Slings         | 1 |  1.6
Bows           | 1 |  1.6
Crossbows      | 1 |  1.6
Armour         | 1 |  1.6
Shields        | 1 |  1.6
Unarmed Combat | 1 |  1.6
Spellcasting   | 1 |  1.6
Invocations    | 1 |  1.9
Evocations     | 1 |  1.6
Conjurations   | 1 |  1.3
Hexes          | 1 |  1.3
Charms         | 1 |  1.3
Summonings     | 1 |  1.3
Necromancy     | 1 |  1.3
Translocations | 1 |  1.3
Transmutations | 1 |  1.3
Fire Magic     | 1 |  1.3
Ice Magic      | 1 |  1.3
Air Magic      | 1 |  1.3
Earth Magic    | 1 |  1.3
Poison Magic   | 1 |  1.3
Dodging        | 3 |  3.1
Stealth        | 8 |  8.0
Fighting       | |  4.8
Short Blades   | |  4.8
Throwing       | |  4.8

Action                   |  1- 3 |  4- 6 || total
-------------------------+-------+-------++-------
Melee: Dagger            |    73 |    14 ||    87
       Bite              |    13 |    25 ||    38
       Whip              |       |   160 ||   160
       Punch             |       |     4 ||     4
 Fire: Blowgun           |       |    50 ||    50
Throw: Stone             |       |    23 ||    23
  Use: Scroll            |       |    10 ||    10
       Potion            |       |     1 ||     1
 Stab: Sleeping          |     4 |    11 ||    15
       Invisible         |       |     1 ||     1
  Eat: Chunk             |       |     5 ||     5
       Ration            |       |     1 ||     1
Armor: Robe              |    16 |    19 ||    35
       Ring mail         |       |    31 ||    31
Dodge: Dodged            |    29 |    90 ||   119
